AoeStats
← qq1227853701

Golden Pit

503717444Analyzed
1v1 RM · 29d ago on Sep 2, 2026· 44m 42s· 2 players
Game mode
Random Map
Map size
Tiny (2 player)
Population
200
Speed
Normal
Resources
Standard
Victory
Conquest
Starting age
Dark Age
Ending age
Imperial Age
RankedLock teamsTeams togetherTeam positionsShared explorationLock speedFull tech treeHidden civsTurbo modeCheats
Victory
Defeat
🇮🇹 Franks · Italy
846
+35
🇺🇸 Saracens · United States
828
-15
Don_Pelayo_Covadonga
9:48 Loom
11:35 Feudal Age
13:13 Town Watch
16:02 Castle Age
14:20 Double-Bit Axe
15:42 Horse Collar
16:21 Stone Mining
17:52 Bow Saw
19:21 Heavy Plow
20:47 Wheelbarrow
21:19 Gold Mining
22:42 Gold Shaft Mining
22:29 Forging
26:12 Iron Casting
26:44 Scale Barding Armor
35:31 Imperial Age
33:46 Hand Cart
34:56 Padded Archer Armor
34:48 Fletching
34:41 Treadmill Crane
36:02 Chain Barding Armor
36:45 Ballistics
37:33 Conscription
37:36 Town Patrol
38:48 Hoardings
38:14 Elite Skirmisher
39:00 Thumb Ring
38:57 Bodkin Arrow
41:06 Chemistry
40:10 Bracer
41:50 Leather Archer Armor
42:15 Counterweights
43:13 Ring Archer Armor
44:00 Masonry
qq1227853701
11:16 Feudal Age
16:23 Castle Age
14:59 Double-Bit Axe
18:55 Loom
19:53 Wheelbarrow
19:05 Town Watch
20:16 Bow Saw
22:41 Light Cavalry
24:39 Loom
25:11 Hand Cart
25:16 Fletching
25:28 Padded Archer Armor
25:09 Elite Skirmisher
29:19 Bodkin Arrow
31:53 Gold Mining
31:56 Stone Mining
36:11 Imperial Age
35:03 Husbandry
35:17 Scale Barding Armor
35:24 Forging
35:32 Leather Archer Armor
35:59 Gold Shaft Mining
35:29 Town Patrol
35:59 Ballistics
35:35 Murder Holes
35:51 Masonry
36:54 Chain Barding Armor
37:22 Conscription
38:16 Chemistry
37:23 Siege Engineers
40:04 Cavalier
42:13 Iron Casting
42:14 Plate Barding Armor
41:41 Scale Mail Armor
43:04 Architecture
42:59 Conscription
42:42 Chivalry
42:13 Paladin
Connection lost

Rejoining the realm…

Still unreachable

The connection could not be restored.

Session expired

The server has moved on; the page needs a fresh start.